 Dungeon Crawl Stone Soup version 0.17.1-2-g5865329 (webtiles) character file.

531 abixa the Ruffian (level 7, -5/70 HPs)
             Began as a Troll Monk on Jan 23, 2016.
             Slain by Grinder (8 damage)
             ... while paralysed by Grinder
             ... on level 4 of the Dungeon.
             The game lasted 00:06:55 (2979 turns).

abixa the Ruffian (Troll Monk)                      Turns: 2979, Time: 00:06:56

Health: -5/70      AC: 11    Str: 20    XL:     7   Next: 3%
Magic:  6/6        EV:  1    Int:  6    God:
Gold:   144        SH:  0    Dex: 14    Spells: 0 memorised, 6 levels left

rFire  . . .     SeeInvis .       - Unarmed
rCold  . . .     Clarity  .     D - +1 robe {MR+}
rNeg   . . .     SustAt   .     (no shield)
rPois  .         Gourm    +     (helmet restricted)
rElec  .         Spirit   .     (no cloak)
rCorr  .         Warding  .     (gloves unavailable)
rMut   .         Stasis   .     (boots unavailable)
MR     +....                    (no amulet)
Stlth  ++........               (no ring)
                                u - +5 ring of protection

@: paralysed, somewhat resistant to hostile enchantments, unstealthy
A: unfitting armour, claws 3, fast metabolism 3, gourmand, regeneration 2,
shaggy fur 1, tough skin 2
a: no special abilities


You were on level 4 of the Dungeon.
You were very full.

You visited 1 branch of the dungeon, and saw 4 of its levels.

You collected 144 gold pieces.

Inventory:

Missiles
 f - 44 stones (quivered)
 i - 38 arrows
 n - 21 sling bullets
 r - 13 bolts
 y - 14 bolts of flame
 A - 14 javelins
Armour
 a - a +0 robe
 D - a +1 robe of magic resistance (worn)
Jewellery
 u - a +5 ring of protection (left claw)
 x - an uncursed ring of fire
 C - an uncursed ring of ice
Scrolls
 c - a scroll of teleportation {unknown}
 g - 4 scrolls of identify {unknown}
 j - 4 scrolls of blinking {unknown}
 q - 4 scrolls of magic mapping {unknown}
 s - 3 scrolls of remove curse {unknown}
 t - 2 scrolls of fog {unknown}
 z - a scroll of amnesia {unknown}
 B - a scroll of immolation {unknown}
 E - a scroll of recharging {unknown}
Potions
 e - 2 potions of magic {unknown}
 h - 3 potions of degeneration {unknown}
 l - 2 potions of brilliance {unknown}
 m - a potion of mutation {unknown}
 o - 2 potions of poison {unknown}
 p - a potion of curing {unknown}
 w - a potion of invisibility {unknown}
Books
 v - a book of Changes

   Spells                             Type                      Level
   a - Beastly Appendage              Transmutation                1
   b - Sticks to Snakes               Transmutation                2
   c - Spider Form                    Transmutation/Poison         3
   d - Ice Form                       Ice/Transmutation            4
   e - Blade Hands                    Transmutation                5
Comestibles
 b - 5 bread rations
 d - 2 beef jerkies
 k - a meat ration


   Skills:
 + Level 4.1 Fighting
 - Level 2.4 Dodging
 - Level 1.1 Stealth
 + Level 7.4 Unarmed Combat


You had 6 spell levels left.
You didn't know any spells.

Dungeon Overview and Level Annotations

Branches:
Dungeon (4/15)
 Temple: D:4-7

Altars:
Gozag
Nemelex Xobeh
Yredelemnul
The Shining One

Annotations:
D:4 Grinder


Innate Abilities, Weirdness & Mutations

You are too large for most types of armour.
You have claws for hands.
Your metabolism is lightning-fast.
You like to eat raw meat.
You heal very quickly.
You are covered in fur (AC +1).
You have very tough skin (AC +2).


Message History

You scratch Grinder.
Grinder is heavily wounded.
Grinder hits you!
* * * LOW HITPOINT WARNING * * *
You writhe in agony.
* * * LOW HITPOINT WARNING * * *
Unknown command.
Unknown command.
Grinder gestures at you.
You suddenly lose the ability to move!
Grinder gestures at you. Pain shoots through your body!
* * * LOW HITPOINT WARNING * * *
Grinder hits you but does no damage. Grinder hits you.
* * * LOW HITPOINT WARNING * * *
You writhe in agony.
* * * LOW HITPOINT WARNING * * *
Grinder hits you!
You die...

....##....### #....##
#...####..... .........##
##.....###.......)....
........##
#.......#.............
.....).##
#.........)...........
##......###
##........#............
##.......###........####......
... #.................##
##.... ... ##..............5##
... 5. #..#..........@.# ## .
#..###..........# #...#
##.......## #...# ##..#####
###..# ## ###....## ........##
.........#### #######.....###
####


You could see Grinder.

Vanquished Creatures
  4 wights (D:4)
  The ghost of emiel the Chopper, a weakling CeBe of Trog (D:3)
  2 scorpions (D:4)
  2 giant frog skeletons (D:4)
  A hound (D:4)
  An orc wizard (D:4)
  5 adders
  2 oozes
  2 worms
  8 orcs
  5 bats (D:2)
  7 giant cockroaches
  2 hobgoblins
  5 kobolds
  2 quokkas (D:3)
  3 ball pythons
  2 giant geckos
  A giant gecko skeleton (D:4)
  A giant newt (D:1)
  6 goblins
  A jackal skeleton (D:4)
  10 rats
  A plant (D:1)
74 creatures vanquished.

Vanquished Creatures (others)
  A rat (D:1)
1 creature vanquished.

Grand Total: 75 creatures vanquished

Notes
Turn   | Place    | Note
--------------------------------------------------------------
     0 | D:1      | abixa the Troll Monk began the quest for the Orb.
     0 | D:1      | Reached XP level 1. HP: 22/22 MP: 0/0
   165 | D:1      | Reached XP level 2. HP: 29/29 MP: 1/1
   983 | D:2      | Found a sparkling altar of Nemelex Xobeh.
  1152 | D:2      | Found an opulent altar of Gozag.
  1176 | D:2      | Reached skill level 5 in Unarmed Combat
  1214 | D:2      | Reached XP level 3. HP: 33/36 MP: 2/2
  1384 | D:2      | Reached XP level 4. HP: 44/44 MP: 3/3
  1799 | D:3      | Noticed emiel's ghost (weakling CeBe)
  1804 | D:3      | Killed emiel's ghost
  1804 | D:3      | Reached skill level 6 in Unarmed Combat
  2050 | D:3      | Reached XP level 5. HP: 36/50 MP: 4/4
  2282 | D:4      | Reached XP level 6. HP: 23/61 MP: 5/5
  2494 | D:4      | Noticed Grinder
  2723 | D:4      | Found a glowing golden altar of the Shining One.
  2725 | D:4      | Noticed an angel
  2732 | D:4      | Found a basalt altar of Yredelemnul.
  2734 | D:4      | Noticed a profane servitor
  2795 | D:4      | Reached skill level 7 in Unarmed Combat
  2944 | D:4      | Reached XP level 7. HP: 68/70 MP: 6/6
  2974 | D:4      | Paralysed by Grinder for 6 turns
  2978 | D:4      | HP: 2/70 [Grinder (5)]
  2979 | D:4      | Slain by Grinder

Action                   |  1- 3 |  4- 6 |  7- 9 || total
-------------------------+-------+-------+-------++-------
Melee: Unarmed           |    94 |   104 |    12 ||   210
Throw: Stone             |       |    11 |       ||    11
 Stab: Sleeping          |     4 |     4 |       ||     8
  Eat: Chunk             |    18 |    14 |       ||    32
